 Dungeon Crawl Stone Soup version 0.31-a0-182-gc5ef74bbde (webtiles) character file.

Game seed: 2711057916068869532

704 funkygono the Chopper (level 7, -4/60 HPs)
             Began as a Minotaur Fighter on June 20, 2023.
             Slain by a gnoll
             ... wielding a +0 halberd
             ... led by a gnoll bouda
              (8 damage)
             ... on level 5 of the Dungeon.
             The game lasted 00:06:16 (3327 turns).

funkygono the Chopper (Minotaur Fighter)            Turns: 3327, Time: 00:06:16

Health: -4/60      AC:  7    Str: 23    XL:     7   Next: 39%
Magic:  6/6        EV: 10    Int:  5    God:
Gold:   257        SH:  6    Dex:  9    Spells: 6/6 levels left

rFire   . . .        a - +0 war axe
rCold   . . .        p - +2 buckler
rNeg    + . .        b - +0 scale mail
rPois   .            (helmet restricted)
rElec   .            (no cloak)
rCorr   .            (no gloves)
SInv    .            (no boots)
Will    .....        e - amulet of regeneration Stlth
                     j - ring of flight
HPRegen 1.10/turn    t - ring of positive energy
MPRegen 0.10/turn

%: no passive effects
@: weakened, flying
A: horns 2, retaliatory headbutt
a: no special abilities


You were on level 5 of the Dungeon.
You visited 2 branches of the dungeon, and saw 6 of its levels.

You collected 257 gold pieces.

Inventory:

Hand Weapons
 a - a +0 war axe (weapon)
Missiles
 g - 5 javelins
 w - a boomerang
 y - 15 stones
Armour
 b - a +0 scale mail (worn)
 p - a +2 buckler (worn)
Jewellery
 e - an amulet of regeneration (around neck)
 j - a ring of flight (left hand)
 t - a ring of positive energy (right hand)
Wands
 c - a wand of iceblast (3)
Scrolls
 h - a scroll of poison {unknown}
 k - a scroll of fog {unknown}
 m - 2 scrolls of revelation {unknown}
 r - 2 scrolls of vulnerability {unknown}
 s - a scroll of teleportation {unknown}
 u - a scroll of enchant weapon {unknown}
Potions
 d - a potion of might
 f - 2 potions of ambrosia {unknown}
 i - a potion of berserk rage {unknown}
 l - 5 potions of lignification {unknown}
 n - a potion of mutation {unknown}
 o - a potion of brilliance {unknown}
 q - a potion of haste {unknown}
 v - a potion of curing {unknown}
 x - 2 potions of cancellation {unknown}
 z - a potion of degeneration {unknown}


   Skills:
 + Level 4.9 Fighting
 + Level 6.0 Axes
 + Level 2.3 Throwing
 + Level 5.9 Armour
 + Level 2.3 Dodging
 + Level 0.2 Stealth
 + Level 4.9 Shields


You had 6 spell levels left.
You didn't know any spells.
Your spell library contained the following spells:

 Spells                   Type           Power      Damage    Failure   Level
 Sting                    Tmut/Pois      0%         1d3       83%         1
 Poisonous Vapours        Pois/Air       0%         N/A       92%         2
 Olgreb's Toxic Radiance  Pois           0%         N/A       100%        4


Dungeon Overview and Level Annotations

Branches:
Dungeon (5/15)             Temple (1/1) D:4

Altars:
Ashenzari
Cheibriados
Dithmenos
Elyvilon
Gozag
Hepliaklqana
Makhleb
Nemelex Xobeh
Ru
Uskayaw
Wu Jian
Xom
Yredelemnul
Zin


Innate Abilities, Weirdness & Mutations

You have a pair of horns on your head.
You reflexively headbutt those who attack you in melee.


Message History

You hit the gnoll bouda.
The gnoll bouda is almost dead.
The gnoll bouda gazes fiercely through you!
You feel your attacks grow feeble.
The gnoll bouda hits you with a +0 club!
You block the gnoll's attack.
The gnoll bouda gazes fiercely through you!
You feel as though you will be weak longer.
The gnoll bouda hits you with a +0 club!
You hit the gnoll bouda but do no damage.
You headbutt the gnoll bouda.
You kill the gnoll bouda!
The gnoll is no longer moving quickly.
You block the gnoll's attack.
You slash the gnoll!
The gnoll is almost dead.
The gnoll closely misses you. x2; The gnoll hits you with a +0 flail.
* * * LOW HITPOINT WARNING * * *
You hit the gnoll.
You kill the gnoll!
The gnoll hits you from afar with a +0 halberd.
* * * LOW HITPOINT WARNING * * *
The gnoll hits you with a +0 halberd.
* * * LOW HITPOINT WARNING * * *
Items here: ( )) [ †.
You hit the gnoll.
The gnoll is lightly wounded.
The gnoll closely misses you. The gnoll barely misses you.
You barely miss the gnoll.
The gnoll is lightly wounded.
The gnoll misses you.
You barely miss the gnoll. The gnoll hits you with a +0 halberd!
* * * LOW HITPOINT WARNING * * *
You hit the gnoll. You headbutt the gnoll.
The gnoll is heavily wounded.
The gnoll hits you with a +0 halberd.
* * * LOW HITPOINT WARNING * * *
You hit the gnoll.
The gnoll is almost dead.
The gnoll hits you with a +0 halberd!
You die...

### ..## #.# .# ...#
#.# .# #..# #.# .# #..#
#.# .# #..## #.# .#
....# #.# .#
#...########.####.##.#
#..........)...)@g...#
.............####.#...#
..#####.............
... ###
#############... # #.##
##


You could see a gnoll.

Vanquished Creatures
  Grinder (D:4)
  An ice beast (D:5)
  A phantom (D:5)
  A scorpion (D:5)
  A hound (D:5)
  A gnoll bouda (D:5)
  2 orc wizards
  6 adders
  3 gnolls (D:5)
  2 worms (D:2)
  3 dart slugs
  9 orcs
  9 bats
  8 endoplasms
  4 giant cockroaches
  6 goblins
  3 hobgoblins
  2 jackals (D:3)
  8 quokkas
  6 ball pythons
  5 frilled lizards
  7 kobolds
  5 rats
94 creatures vanquished.

Notes
Turn   | Place    | Note
-------+----------+-------------------------------------------
     0 | D:1      | funkygono the Minotaur Fighter began the quest for the Orb.
     0 | D:1      | Reached XP level 1. HP: 19/19 MP: 0/0
   124 | D:1      | Reached XP level 2. HP: 27/27 MP: 1/1
   727 | D:2      | Reached skill level 3 in Axes
   727 | D:2      | Reached XP level 3. HP: 33/33 MP: 2/2
   846 | D:2      | Reached skill level 1 in Dodging
  1355 | D:2      | Reached XP level 4. HP: 40/40 MP: 3/3
  1737 | D:3      | Found a white marble altar of Elyvilon.
  2058 | D:3      | Reached skill level 4 in Axes
  2221 | D:3      | Reached XP level 5. HP: 41/46 MP: 4/4
  2477 | D:4      | Noticed Grinder
  2478 | D:4      | Paralysed by Grinder for 4 turns
  2494 | D:4      | Killed Grinder
  2495 | D:4      | Reached skill level 5 in Axes
  2495 | D:4      | Reached skill level 5 in Armour
  2495 | D:4      | Reached XP level 6. HP: 41/53 MP: 5/5
  2577 | D:4      | Found a sparkling altar of Nemelex Xobeh.
  2706 | D:4      | Found a hazy altar of Hepliaklqana.
  2960 | D:4      | Found a staircase to the Ecumenical Temple.
  2978 | Temple   | Entered the Ecumenical Temple
  3131 | D:5      | Entered Level 5 of the Dungeon
  3164 | D:5      | Reached skill level 1 in Throwing
  3179 | D:5      | Noticed an ice beast
  3188 | D:5      | Killed an ice beast
  3189 | D:5      | Reached XP level 7. HP: 38/60 MP: 6/6
  3231 | D:5      | Reached skill level 6 in Axes
  3326 | D:5      | HP: 3/60 [gnoll/+0 halberd[a gnoll bouda] (6)]
  3327 | D:5      | Slain by a gnoll

Illustrated notes

Levels and vault maps discovered:
D:1:      dpeg_arrival_yet_another_circle, layout_basic,
          minmay_misc_feat_four_crosses
D:2:      layout_basic
D:3:      wad_woods_stonehenge, layout_basic, serial_corexii_hall,
          chequers_hall_statues_corner_a, corexii_hall_statues_s, minmay_cut_off
D:4:      layout_rooms, nemelex_spade_bored_becter,
          nicolae_hepliaklqana_hippocampus, minmay_temple_entry_offerings,
          grunt_ministairs_9, uniq_grinder
D:5:      layout_loops_ring, nicolae_eternal_life, nicolae_elevator_lobby_plus
Temple:   compressed_dpeg_triangle_lava_temple

Skill      XL: |  1  2  3  4  5  6  7 |
---------------+----------------------+-----
Armour         | 4 5 |  5.9
Fighting       | 4 |  4.9
Axes           | 3 4 5 6 |  6.0
Dodging        | 1 2 |  2.3
Shields        | 4 |  4.9
Throwing       | 2 |  2.3
Stealth        | |  0.2

Action                     |  1- 3 |  4- 6 |  7- 9 || total
---------------------------+-------+-------+-------++-------
  Melee: War axe           |    95 |   100 |    23 ||   218
         Headbutt          |     8 |    17 |     4 ||    29
  Throw: Stone             |     4 |    15 |       ||    19
 Armour: Scale mail        |    41 |    31 |     5 ||    77
  Dodge: Dodged            |    45 |    48 |    11 ||   104
  Block: Buckler           |    20 |    37 |     6 ||    63

Table legend: (Time is in decaauts)
 A = Elapsed time spent in this place.
 B = Non-inter-level travel time spent in this place.
 C = Inter-level travel time spent in this place.
 D = Time resting spent in this place.
 E = Time spent auto-exploring this place.
 F = Levels seen in this place.
 G = Mean time per level.
                   A        B        C        D        E       F      G
               +--------+--------+--------+--------+--------+-----+--------+
         Total |   3400 |   3273 |    127 |      0 |   2522 |   6 |  566.7 |
       Dungeon |   3320 |   3209 |    111 |      0 |   2466 |   5 |  664.0 |
        Temple |     79 |     64 |     15 |      0 |     56 |   1 |   79.0 |
               +--------+--------+--------+--------+--------+-----+--------+

Top non-repeatable levels by time:
     D:3: 910 daAuts
     D:2: 887 daAuts
     D:1: 734 daAuts
     D:4: 582 daAuts
     D:5: 206 daAuts
  Temple: 79 daAuts
